 Dungeon Crawl Stone Soup version 0.26-a0-259-g1effd001a9 (webtiles) character file.

Game seed: 12095492077818369913

34 HoaS the Shield-Bearer (level 3, -3/34 HPs)
             Began as a Deep Dwarf Fighter on July 19, 2020.
             Slain by Sigmund
             ... wielding a +0 scythe
              (6 damage)
             ... on level 3 of the Dungeon.
             The game lasted 00:06:04 (875 turns).

HoaS the Shield-Bearer (Deep Dwarf Fighter)          Turns: 875, Time: 00:06:05

Health: -3/34      AC: 13    Str: 20    XL:     3   Next: 14%
Magic:  3/3        EV:  5    Int:  8    God:
Gold:   45         SH:  9    Dex: 12    Spells: 2/2 levels left

rFire    . . .     SeeInvis .   a - +0 war axe
rCold    . . .     Faith    .   c - +0 kite shield
rNeg     . . .     Spirit   .   i - +0 chain mail
rPois    .         Reflect  .   g - +2 hat
rElec    .         Harm     .   (no cloak)
rCorr    .                      b - +1 pair of gloves
MR       .....                  (no boots)
Stlth    ..........             (no amulet)
HPRegen  0.00/turn              (no ring)
MPRegen  0.08/turn              (no ring)

@: non-regenerating
A: damage resistance, heal wounds, sense surroundings 1, no regeneration
a: Heal Wounds


You were on level 3 of the Dungeon.
You were not hungry.

You visited 1 branch of the dungeon, and saw 4 of its levels.

You collected 45 gold pieces.

Inventory:

Hand Weapons
 a - a +0 war axe (weapon)
Armour
 b - a +1 pair of gloves (worn)
 c - a +0 kite shield (worn)
 g - a +2 hat (worn)
 i - a +0 chain mail (worn)
Scrolls
 e - 2 scrolls of identify
Potions
 h - a potion of lignification {unknown}
 j - a potion of curing
 k - a potion of resistance
Comestibles
 f - 10 rations


   Skills:
 + Level 3.0 Fighting
 * Level 3.3 Axes
 - Level 3.2 Armour
 + Level 3.6 Shields


You had 2 spell levels left.
You didn't know any spells.
Your spell library was empty.

Dungeon Overview and Level Annotations

Branches:
Dungeon (4/15)
 Temple: D:4-7

Altars:
Gozag
Nemelex Xobeh

Shops:
D:4 =

Annotations:
D:3 Sigmund


Innate Abilities, Weirdness & Mutations

You are resistant to damage.
You can heal yourself by infusing magical energy.
You passively map a small area around you.
You do not regenerate.


Message History

You closely miss something. Something hits you.
* * * LOW HITPOINT WARNING * * *
Your shield and chain mail prevent you from hitting something.
Something hits you.
* * * LOW HITPOINT WARNING * * *
You miss something. Something hits you.
* * * LOW HITPOINT WARNING * * *
You closely miss something. Something hits you but does no damage.
Your shield prevents you from hitting something.
You feel a little less mighty now. Something hits you.
* * * LOW HITPOINT WARNING * * *
You miss something. Something hits you but does no damage.
You barely miss something. You closely miss something.
Something hits you but does no damage.
You hit something. Something hits you but does no damage.
You miss something. Something hits you but does no damage.
You miss something. You block something's attack.
You hit something. Something hits you!
You die...

≈ * * #.. ≈ ≈* #.#* * #.#
##### * ≈ #.# #[.. , ,
#.#########.#* ,* *,
#...........####.# ≈ #,
##..# #...).....#.#
.###.##...###.###..##.#.#
........@{)...# #(.##.#.#
####.##...#######.(##.#.#
, * # ##................#
, * #.############.#.# **
#.# #...# ##+## ##.## *
##...## #.# , ##.....##
*** #.# * ##.......## **
#.#


There were no monsters in sight!

Vanquished Creatures
  An ooze (D:1)
  A worm (D:2)
  A leopard gecko (D:1)
  A bat (D:1)
  5 goblins
  2 hobgoblins
  4 jackals (D:1)
  2 frilled lizards (D:1)
  A kobold (D:1)
  7 rats
25 creatures vanquished.

Notes
Turn   | Place    | Note
-------+----------+-------------------------------------------
     0 | D:1      | HoaS the Deep Dwarf Fighter began the quest for the Orb.
     0 | D:1      | Reached XP level 1. HP: 20/20 MP: 1/1
   131 | D:1      | Reached XP level 2. HP: 25/27 MP: 2/2
   685 | D:2      | Reached XP level 3. HP: 26/34 MP: 3/3
   690 | D:2      | Found an opulent altar of Gozag.
   691 | D:2      | Found a sparkling altar of Nemelex Xobeh.
   691 | D:2      | You fall into a shaft and drop 2 floors!
   709 | D:4      | Found Mom Kiniv's Jewellery Emporium.
   805 | D:3      | Noticed Sigmund
   875 | D:3      | Slain by Sigmund

Illustrated notes

Levels and vault maps discovered:
D:1:      eino_arrival_water_star, layout_loops_ring, grunt_decor_cap
D:2:      cheibrodos_fertilizer, layout_rooms, grunt_temple_overflow_opulence,
          lemuel_doored_altar, serial_forest, infiniplex_forest_corner_1,
          infiniplex_forest_clump_diagonal, infiniplex_forest_lined_corner,
          infiniplex_forest_straight_2, infiniplex_forest_split,
          infiniplex_forest_clump_double, elyvilon_altar_3, uniq_jessica
D:3:      layout_loops_corners, zin_purify, serial_bayou_lake_a, uniq_sigmund
D:4:      layout_loops_cross, nicolae_dithmenos_through_a_glass_darkly,
          serial_shops, shop_coins, shop, nicolae_ru_sacrificial_ziggurat

Skill      XL: |  1  2 |
---------------+-------+-----
Axes           | 3 |  3.3
Fighting       | 3 |  3.0
Armour         | |  3.2
Shields        | |  3.6

Action                   || total
-------------------------++-------
Melee: War axe           ||   116
 Abil: Heal Wounds       ||     1
  Use: Scroll            ||     3
       Potion            ||     1
Armor: Scale mail        ||    18
       Chain mail        ||    43
Dodge: Dodged            ||    20
Block: Kite shield       ||    59

Table legend:
 A = Non-vault XP
 B = Vault XP
 C = Vault XP percentage of total XP
 D = Non-vault monster count
 E = Vault monster count
 F = Vault count percentage of total count
                 A         B        C        D         E       F
            +---------+---------+-------+---------+---------+-------
      Total |      49 |       0 |   0.0 |      25 |       0 |   0.0
            +---------+---------+-------+---------+---------+-------
        D:1 |      37 |       0 |   0.0 |      20 |       0 |   0.0
        D:2 |       5 |       0 |   0.0 |       1 |       0 |   0.0
        D:3 |       7 |       0 |   0.0 |       4 |       0 |   0.0
            +---------+---------+-------+---------+---------+-------
